 Dungeon Crawl Stone Soup version 0.31-a0-986-g5e6e4ef867 (webtiles) character file.

Game seed: 2400407911056357763

522 Firecrotchwizard the Cudgeller (level 7, -1/70 HPs)
             Began as a Troll Berserker on Nov 23, 2023.
             Was a Priest of Trog.
             Slain by an iguana (3 damage)
             ... on level 4 of the Dungeon.
             The game lasted 00:07:41 (2403 turns).

Firecrotchwizard the Cudgeller (Troll Berserker)    Turns: 2403, Time: 00:07:42

Health: -1/70      AC:  4    Str: 26    XL:     7   Next: 1%
Magic:  6/6        EV: 10    Int:  5    God:    Trog [***...]
Gold:   192        SH:  0    Dex:  9    Spells: 6/6 levels left

rFire   . . .        m - +0 flail
rCold   + . .        (no shield)
rNeg    . . .        b - +0 animal skin
rPois   .            (helmet restricted)
rElec   .            (no cloak)
rCorr   .            (gloves unavailable)
SInv    .            (boots unavailable)
Will    .....        (no amulet)
Stlth   +            g - ring of protection from cold
HPRegen 1.11/turn    (no ring)
MPRegen 0.10/turn

%: no passive effects
@: mighty, on berserk cooldown, slowed, very slow
A: large, unfitting armour, claws 3, regeneration 1, shaggy fur 1, tough skin 1
a: Renounce Religion, Berserk, Trog's Hand


You were on level 4 of the Dungeon.
You worshipped Trog.
Trog was most pleased with you.
You visited 1 branch of the dungeon, and saw 4 of its levels.

You collected 192 gold pieces.

Inventory:

Hand Weapons
 a - a +0 mace
 m - a +0 flail (weapon)
Armour
 b - a +0 animal skin (worn)
Jewellery
 g - a ring of protection from cold (left claw)
Scrolls
 e - 6 scrolls of revelation {unknown}
 f - 4 scrolls of identify {unknown}
 i - a scroll of amnesia {unknown}
 l - a scroll of poison {unknown}
 o - a scroll of noise {unknown}
 r - a scroll of immolation {unknown}
Potions
 c - a potion of brilliance {unknown}
 d - 2 potions of might
 h - a potion of ambrosia {unknown}
 k - a potion of enlightenment {unknown}
 n - a potion of mutation {unknown}
 p - 2 potions of cancellation {unknown}
 q - a potion of berserk rage {unknown}
Miscellaneous
 V - a condenser vane (inert)


   Skills:
 + Level 4.3 Fighting
 * Level 6.1 Maces & Flails
 - Level 2.4 Dodging


You had 6 spell levels left.
You didn't know any spells.
Your spell library was empty.

Dungeon Overview and Level Annotations

Branches:
Dungeon (4/15)
 Temple: D:4-7

Altars:
Kikubaaqudgha

Annotations:
D:4 Duvessa


Innate Abilities, Weirdness & Mutations

You are too large for most types of armour.
You have claws for hands.
Your natural rate of healing is unusually fast.
You are covered in fur. (AC +1)
You have tough skin. (AC +1)


Message History

The black bear claws you but does no damage.
The black bear misses you. The black bear bites you!
* * * LOW HITPOINT WARNING * * *
The black bear claws you.
* * * LOW HITPOINT WARNING * * *
The black bear claws you.
* * * LOW HITPOINT WARNING * * *
You bludgeon the black bear!!
You kill the black bear!
Trog accepts your kill.
Your Maces & Flails skill increases to level 6!
You barely miss something.
Unknown command.
You miss something. Something hits you but does no damage.
You are poisoned.
You barely miss something.
You feel sick.
You hear some strange, mumbled words.
You are confused.
You're too confused to move!
You feel sick.
Unknown command.
You're too confused to move!
You feel a strong urge to attack something.
You feel sick. Something hits you but does no damage.
You are more poisoned.
You bump into the rock wall.
You feel sick. Something hits you.
* * * LOW HITPOINT WARNING * * *
You are more poisoned.
You bump into the rock wall.
You feel your anger nearly subside.
You are no longer berserk.
You are exhausted.
You feel yourself slow down.
You feel very sick.
You're too confused to move!
You feel very sick. Something hits you but does no damage.
You are lethally poisoned!
You hear some strange, mumbled words.
A puff of flame appears from out of thin air!
The puff of flame hits you.
* * * LOW HITPOINT WARNING * * *
It was a potion of might.
You feel very mighty all of a sudden.
You feel less confused.
* * * LOW HITPOINT WARNING * * *
You feel very sick. Something hits you but does no damage.
You are more poisoned.
Unknown command.
It was a potion of curing.
You feel better. Something hits you but does no damage.
You are poisoned.
Something hits you but does no damage.
Clouds condense from the air!
The condenser dries out!
You feel very sick.
The orc is engulfed in freezing vapours.
You kill the orc!
Trog accepts your kill.
You hear some strange, mumbled words.
A puff of flame appears from out of thin air!
The puff of flame hits you!
* * * LOW HITPOINT WARNING * * *
The orc is engulfed in poison gas.
The orc is poisoned.
Unknown command.
Unknown command.
You feel better.
An orc wizard appears from thin air!
Reactivating autopickup.
The orc wizard barely misses you.
The orc is engulfed in freezing vapours.
You kill the orc!
Trog accepts your kill. The orc wizard barely misses you.
You hit the orc wizard.
The orc wizard is heavily wounded.
The orc wizard closely misses you.
The orc wizard hits you but does no damage.
You miss the orc wizard.
The orc wizard is heavily wounded.
The hobgoblin shouts!
The orc wizard hits you with a +0 dagger of venom.
* * * LOW HITPOINT WARNING * * *
You are poisoned.
You sock the orc wizard!
You kill the orc wizard!
Trog accepts your kill.
Trog appreciates your killing of a magic user.
You feel sick.
You have reached level 7!
You thump the iguana!
The iguana is severely wounded.
You feel sick. The iguana bites you!
* * * LOW HITPOINT WARNING * * *
The iguana barely misses you.
You completely miss the iguana.
The iguana is severely wounded.
You feel sick.
You are no longer poisoned.
The iguana bites you.
You die...

#.# #.#
###################.#####..
<......<......†.............
###################.#####..
#.# .# #)# ###.###
##########.###...(.#
.......@l.○☼#......#
##########§§.......#
#......#.#### ##...#.......#
###..h.........#
##.oo...#.......#
#......##.......#
#o#o#####.......# ..l..
#.......#


You could see an iguana.

Vanquished Creatures
  Sigmund (D:2)
  A black bear (D:4)
  2 iguanas
  Jessica (D:2)
  An orc wizard (D:4)
  A gnoll (D:3)
  6 adders
  2 worms
  3 dart slugs
  9 orcs
  6 endoplasms
  6 goblins
  8 hobgoblins
  A jackal (D:3)
  10 kobolds
  4 quokkas
  7 ball pythons
  4 bats
  4 frilled lizards
  9 rats
86 creatures vanquished.

Notes
Turn   | Place    | Note
-------+----------+-------------------------------------------
     0 | D:1      | Firecrotchwizard the Troll Berserker began the quest for
                  | the Orb.
     0 | D:1      | Reached XP level 1. HP: 22/22 MP: 0/0
   276 | D:1      | Reached skill level 3 in Maces & Flails
   338 | D:1      | Reached XP level 2. HP: 29/29 MP: 1/1
   629 | D:1      | Found a faded altar of an unknown god.
   991 | D:2      | Noticed Jessica
   993 | D:2      | Killed Jessica
   994 | D:2      | Reached XP level 3. HP: 31/36 MP: 2/2
  1112 | D:2      | Reached skill level 4 in Maces & Flails
  1143 | D:2      | Reached ** piety under Trog
  1144 | D:2      | Reached XP level 4. HP: 34/45 MP: 3/3
  1212 | D:2      | Noticed Sigmund
  1222 | D:2      | Killed Sigmund
  1223 | D:2      | Reached skill level 5 in Maces & Flails
  1223 | D:2      | Reached XP level 5. HP: 54/54 MP: 4/4
  1318 | D:2      | Found an ancient bone altar of Kikubaaqudgha.
  1706 | D:3      | Reached XP level 6. HP: 62/62 MP: 5/5
  2271 | D:4      | Noticed Duvessa
  2387 | D:4      | Reached skill level 6 in Maces & Flails
  2395 | D:4      | HP: 1/62 [poisoned by an orc wizard]
  2398 | D:4      | Reached *** piety under Trog
  2402 | D:4      | Reached XP level 7. HP: 15/70 MP: 6/6
  2402 | D:4      | HP: 2/70 [iguana (13)]
  2403 | D:4      | Slain by an iguana

Illustrated notes

Levels and vault maps discovered:
D:1:      tarquinn_simple_flora_water_c, layout_basic,
          dreamdust_ecumenical_altar_hidden_monk_grotto
D:2:      layout_loops_ring, basic_altar, uniq_sigmund, uniq_jessica
D:3:      minmay_octagon_keep, layout_basic, chequers_arboretum
D:4:      layout_rooms, uniq_robin, uniq_duvessa

Skill      XL: |  1  2  3  4  5  6 |
---------------+-------------------+-----
Maces & Flails | 3 4 5 6 |  6.1
Fighting       | 3 4 |  4.3
Dodging        | |  2.4

Action                     |  1- 3 |  4- 6 |  7- 9 || total
---------------------------+-------+-------+-------++-------
  Melee: Mace              |    18 |       |       ||    18
         Unarmed           |    81 |    34 |       ||   115
         Flail             |       |   115 |     2 ||   117
         Punch             |       |     2 |       ||     2
 Invoke: Berserk           |       |     2 |       ||     2
         Trog's Hand       |       |     1 |       ||     1
  Evoke: Condenser vane    |       |     1 |       ||     1
    Use: Potion            |       |     3 |       ||     3
 Armour: Animal skin       |    62 |   128 |     2 ||   192
  Dodge: Dodged            |    38 |    79 |     1 ||   118

Table legend: (Time is in decaauts)
 A = Elapsed time spent in this place.
 B = Non-inter-level travel time spent in this place.
 C = Inter-level travel time spent in this place.
 D = Time resting spent in this place.
 E = Time spent auto-exploring this place.
 F = Levels seen in this place.
 G = Mean time per level.
                   A        B        C        D        E       F      G
               +--------+--------+--------+--------+--------+-----+--------+
         Total |   2433 |   2350 |     83 |     51 |   1708 |   4 |  608.2 |
       Dungeon |   2433 |   2350 |     83 |     51 |   1708 |   4 |  608.2 |
               +--------+--------+--------+--------+--------+-----+--------+

Top non-repeatable levels by time:
     D:1: 889 daAuts
     D:3: 749 daAuts
     D:2: 678 daAuts
     D:4: 115 daAuts
